 Dungeon Crawl Stone Soup version 0.30.0-29-ga12c61a403 (webtiles) character file.

Game seed: 13603174890229447712

28 LowPressure the Ruffian (level 2, -4/23 HPs)
             Began as a Draconian Transmuter on June 9, 2023.
             Killed by nerve-wracking pain
             ... invoked by Jessica
              (12 damage)
             ... on level 2 of the Dungeon.
             The game lasted 00:02:05 (1347 turns).

LowPressure the Ruffian (Draconian Transmuter)      Turns: 1347, Time: 00:02:07

Health: -4/23      AC:  4    Str: 12    XL:     2   Next: 96%
Magic:  4/5        EV: 12    Int: 13    God:
Gold:   25         SH:  0    Dex: 11    Spells: 4/5 levels left

rFire   . .          .
                       - Unarmed
rCold   . . .        (no shield)
rNeg    . . .        (body armour unavailable)
rPois   .            (helmet currently unavailable)
rElec   .            (no cloak)
rCorr   .            (no gloves)
SInv    .            (boots currently unavailable)
Will    .....        (no amulet)
Stlth   +            (no ring)
HPRegen 0.23/turn    (no ring)
MPRegen 0.09/turn

%: no passive effects
@: lethally poisoned (-4 -> -9), appendages
A: horns 2, talons 2, AC +4, unfitting armour, cold-blooded
a: End Transformation


You were on level 2 of the Dungeon.
You had temporarily grown beastly horns and talons.
You visited 1 branch of the dungeon, and saw 2 of its levels.

You collected 25 gold pieces.

Inventory:

Scrolls
 b - a scroll of poison {unknown}
 c - 3 scrolls of teleportation {unknown}
 g - a scroll of vulnerability {unknown}
 i - a scroll of fear {unknown}
 j - a scroll of identify {unknown}
 l - a scroll of blinking {unknown}
 m - a scroll of torment {unknown}
 o - a scroll of magic mapping {unknown}
 q - a scroll of brand weapon {unknown}
 r - a scroll of amnesia {unknown}
Potions
 a - a potion of lignification
 d - a potion of invisibility {unknown}
 e - 2 potions of brilliance {unknown}
 f - a potion of attraction {unknown}
 h - a potion of magic {unknown}
 k - a potion of curing {unknown}
 n - a potion of ambrosia {unknown}
 p - 2 potions of haste {unknown}


   Skills:
 + Level 1.1 Fighting
 + Level 1.8 Dodging
 + Level 0.3 Stealth
 + Level 3.6 Unarmed Combat
 + Level 2.4 Spellcasting
 + Level 2.2 Transmutations


You had 4 spell levels left.
You knew the following spells:

 Your Spells              Type           Power      Damage    Failure   Level
a - Beastly Appendage     Tmut           14%        N/A       10%         1

Your spell library contained the following spells:

 Spells                   Type           Power      Damage    Failure   Level
 Wereblood                Tmut           7%         N/A       16%         2
 Passwall                 Tmut/Erth      3%         N/A       24%         2
 Ensorcelled Hibernation  Hex/Ice        2%         N/A       36%         2
 Spider Form              Tmut/Pois      4%         N/A       43%         3
 Stone Arrow              Conj/Erth      2%         3d7       58%         3
 Swiftness                Air            1%         N/A       58%         3
 Ice Form                 Ice/Tmut       4%         N/A       83%         4
 Lehudib's Crystal Spear  Conj/Erth      0%         10d2      100%        8
 Animate Armour           Summ/Erth      Unusable   N/A       N/A         4

Dungeon Overview and Level Annotations

Branches:
Dungeon (2/15)

Altars:

Annotations:
D:2 Jessica


Innate Abilities, Weirdness & Mutations

You have temporarily grown beastly horns and talons.
Your plain brown scales are hard. (AC +4)
You cannot fit into any form of body armour.
You are cold-blooded and may be slowed by cold attacks.


Message History

Casting: Beastly Appendage (safe; 10% risk of failure)
Confirm with . or Enter, or press ? or * to list all spells.
You grow a pair of large bovine horns.
Your feet morph into talons.
The hobgoblin hits you but does no damage.
You hit the hobgoblin. Your kick misses the hobgoblin.
Your punch misses the hobgoblin.
The hobgoblin is severely wounded.
You closely miss the hobgoblin.
The hobgoblin is severely wounded.
The hobgoblin closely misses you.
You hit the hobgoblin but do no damage. You claw the hobgoblin.
You kill the hobgoblin!
You hit Jessica but do no damage. Your kick misses Jessica.
Jessica hits you with a +2 dagger of venom!
You hit Jessica but do no damage.
Jessica hits you with a +2 dagger of venom.
You closely miss Jessica. Your kick misses Jessica.
Jessica casts a spell.
Jessica blinks!
Jessica mumbles some strange words.
Jessica blinks!
Your transformation is almost over.
Jessica barely misses you.
Casting: Beastly Appendage (safe; 10% risk of failure)
Confirm with . or Enter, or press ? or * to list all spells.
You extend your transformation's duration.
Jessica grins evilly.
Jessica closely misses you.
You hit Jessica. You claw Jessica. Your headbutt misses Jessica.
Jessica is moderately wounded.
Jessica hits you with a +2 dagger of venom.
You are poisoned.
You barely miss Jessica. You claw Jessica. Your headbutt misses Jessica.
You tail-slap Jessica, but do no damage.
Jessica is severely wounded.
You feel sick. Jessica gestures at you while chanting.
Pain shoots through your body!
Ouch! That really hurt!
You die...

#.....#....#.####
#.#..........#..... .
#.#.....#.#<.#####. ..
#.#......<#.## #. ...
#.#..######.# #.
....###.#.........# #.
........#.##############.
.......@#.#.#..........#.
......†.@........>####.#.
#.##....#.#.#.##### #...
#....#.#.#.###########
#....#.#.............
......#.###.#########.
###...##.......# #..)
####..#.# #### #..#.#
######..# #


You could see Jessica.

Vanquished Creatures
  A dart slug (D:1)
  3 ball pythons
  5 endoplasms (D:1)
  A giant cockroach (D:1)
  3 goblins (D:1)
  A hobgoblin (D:2)
  2 kobolds (D:1)
  2 quokkas (D:1)
  2 bats (D:1)
  2 frilled lizards (D:1)
  A rat (D:1)
23 creatures vanquished.

Notes
Turn   | Place    | Note
-------+----------+-------------------------------------------
     0 | D:1      | LowPressure the Draconian Transmuter began the quest for
                  | the Orb.
     0 | D:1      | Reached XP level 1. HP: 16/16 MP: 3/3
   325 | D:1      | Reached XP level 2. HP: 22/23 MP: 3/5
  1331 | D:2      | Noticed Jessica
  1347 | D:2      | Killed from afar by Jessica

Illustrated notes

Levels and vault maps discovered:
D:1:      kilobyte_arrival_exit_the_forest, layout_basic, nrook_mini_vaults,
          chequers_serial_rivers_micro_e, minmay_quantized
D:2:      layout_basic, hangedman_decor_peaks_small,
          amcnicky_mini_corridor_feature, minmay_vboxes, uniq_sigmund,
          uniq_jessica

Action                     || total
---------------------------++-------
  Melee: Unarmed           ||    62
         Kick              ||    14
         Headbutt          ||     7
         Tailslap          ||     5
   Cast: Beastly Appendage ||    16
   Stab: Sleeping          ||     1
 Armour: Skin              ||    19
  Dodge: Dodged            ||    38
